 Dungeon Crawl Stone Soup version 0.29.0-4-gdea44cf6ec (webtiles) character file.

Game seed: 6557518016342653925

707 greasedhog the Shooter (level 7, -1/61 HPs)
             Began as a Tengu Wanderer on Aug 27, 2022.
             Succumbed to a scorpion's poison
             ... on level 5 of the Dungeon.
             The game lasted 00:09:13 (5205 turns).

greasedhog the Shooter (Tengu Wanderer)             Turns: 5205, Time: 00:09:13

Health: -1/61      AC: 23    Str:  8 (11) XL:     7   Next: 67%
Magic:  11/11      EV:  2    Int:  9 (10) God:
Gold:   118        SH:  0    Dex: 18 (19) Spells: 10/10 levels left

rFire   . . .      SeeInvis .   a - +0 sling
rCold   . . .      Faith    .   (no shield)
rNeg    . . .      Spirit   .   (body armour currently unavailable)
rPois   +          Reflect  .   (helmet currently unavailable)
rElec   .          Harm     .   (cloak currently unavailable)
rCorr   .          Rampage  .   (gloves currently unavailable)
Will    .....      NoTele   +   (boots unavailable)
Stlth   ++........              (no amulet)
HPRegen 0.20/turn               (no ring)
MPRegen 0.12/turn               (no ring)

@: lethally poisoned (-1 -> -34), tree-form
A: stationary, stasis, torment immunity, boosted hp, (beak), (talons 3), nimble
flight
a: no special abilities


You were on level 5 of the Dungeon.
You were a tree.
You visited 1 branch of the dungeon, and saw 5 of its levels.

You collected 175 gold pieces.
You spent 57 gold pieces at shops.

Inventory:

Hand Weapons
 a - a +0 sling (weapon)
Missiles
 l - 4 curare-tipped darts
Armour
 b - a +2 leather armour (melded)
 m - a +0 cloak (melded)
 t - a +2 pair of gloves (melded)
Scrolls
 c - 2 scrolls of teleportation
 g - 2 scrolls of enchant armour
 i - a scroll of silence
 o - a scroll of poison
 q - 4 scrolls of identify
 r - a scroll of vulnerability
Potions
 d - a potion of degeneration
 e - a potion of might
 f - a potion of attraction {unknown}
 h - a potion of curing {unknown}
 j - a potion of lignification
 k - 2 potions of berserk rage {unknown}
 n - a potion of resistance {unknown}
 p - a potion of heal wounds {unknown}
 s - 3 potions of flight {unknown}


   Skills:
 - Level 3.4 Fighting
 * Level 6.3 Ranged Weapons
 * Level 4.8 Armour
 - Level 5.4 Dodging
 - Level 2.0 Spellcasting
 - Level 1.0 Evocations


You had 10 spell levels left.
You didn't know any spells.
Your spell library contained the following spells:

 Spells                   Type           Power      Damage    Failure   Level
 Necrotise                Necr           0%         1d4       32%         1
 Summon Small Mammal      Summ           0%         N/A       32%         1
 Inner Flame              Hex/Fire       0%         N/A       69%         3
 Cause Fear               Hex            0%         N/A       97%         4
 Discord                  Hex            0%         N/A       100%        8


Dungeon Overview and Level Annotations

Branches:
Dungeon (5/15)
 Temple: D:4-7

Altars:
Elyvilon
Sif Muna

Shops:
D:4 **


Innate Abilities, Weirdness & Mutations

You are a tree.
Your roots penetrate the ground, keeping you stationary.
You cannot be teleported.
You are immune to unholy pain and torment.
Your maximum health is greatly increased.
Your equipment is partially melded.
((You have a beak for a mouth.))
((You have claws for feet.))
Your magical nature lets you fly swiftly and evasively.


Message History

You shoot a sling bullet.
The sling bullet hits the scorpion but does no damage.
The scorpion is heavily wounded.
You feel very sick. The scorpion completely misses you.
The scorpion misses you.
You shoot a sling bullet.
The sling bullet hits the scorpion but does no damage.
The scorpion is heavily wounded.
You feel sick. The scorpion misses you.
You shoot a sling bullet.
The sling bullet closely misses the scorpion.
You feel sick. The scorpion stings you.
You are more poisoned.
The scorpion poisons you!
You are too injured to fight recklessly!
Fire: a) +0 sling
Press: ? - help, Q - select action, (/) - cycle Shift-Dir - straight line, f/p - scorpion
Aim: a scorpion (heavily wounded, 63% to hit)
You shoot a sling bullet. The sling bullet hits the scorpion.
The scorpion is severely wounded.
You feel very sick. The scorpion barely misses you. The scorpion stings you.
* * * LOW HITPOINT WARNING * * *
You are more poisoned.
The scorpion poisons you!
It was a potion of degeneration.
There was something very wrong with that liquid.
You feel weakened.
You feel dopey.
You feel clumsy.
* * * LOW HITPOINT WARNING * * *
You feel very sick. The scorpion stings you.
* * * LOW HITPOINT WARNING * * *
You are more poisoned.
The scorpion poisons you!
It was a potion of lignification.
You turn into a tree.
Your +0 cloak melds into your body.
Your +2 pair of gloves melds into your body.
Your +2 leather armour melds into your body.
Your roots penetrate the ground.
You die...

...?..####
.#........#
........[#
#........#
#........#
......).#
#s......#
#♣......+
###...####
#.....#
#.##### #.#
#.# #.# #.#
########.#
#.#
#......#.##


You could see a scorpion.

Vanquished Creatures
  Menkaure (D:4)
  2 phantoms (D:5)
  3 howler monkeys
  A jelly (D:4)
  A hound (D:4)
  An orc priest (D:3)
  2 orc wizards
  4 gnolls (D:4)
  8 adders
  A worm (D:2)
  A dart slug (D:2)
  11 orcs
  5 endoplasms
  2 giant cockroaches
  6 goblins
  2 hobgoblins
  4 jackals (D:3)
  3 kobolds
  A quokka (D:4)
  4 ball pythons
  8 bats
  2 frilled lizards
  5 rats
78 creatures vanquished.

Vanquished Creatures (others)
  2 plants (D:2)
2 creatures vanquished.

Grand Total: 80 creatures vanquished

Notes
Turn   | Place    | Note
-------+----------+-------------------------------------------
     0 | D:1      | greasedhog the Tengu Wanderer began the quest for the Orb.
     0 | D:1      | greasedhog set off with the following items: a +0 sling, a
                  | +2 leather armour, a scroll of teleportation, a potion of
                  | haste.
     0 | D:1      | Reached XP level 1. HP: 10/10 MP: 4/4
     2 | D:1      | Noticed a felid
     2 | D:1      | Noticed a palentonga
     4 | D:1      | Noticed a merfolk
     4 | D:1      | Noticed a ghoul
     6 | D:1      | Noticed a minotaur
     8 | D:1      | Noticed a naga
     8 | D:1      | Noticed a demigod
    10 | D:1      | Noticed a spriggan
    12 | D:1      | Noticed a gargoyle
    12 | D:1      | Noticed an ogre
    14 | D:1      | Noticed a tengu
    14 | D:1      | Noticed a troll
    16 | D:1      | Noticed an octopode
    16 | D:1      | Noticed a human
    18 | D:1      | Noticed a draconian
    20 | D:1      | Noticed an elf
    20 | D:1      | Noticed a vine stalker
    22 | D:1      | Noticed a demonspawn
    22 | D:1      | Noticed a meteoran
    24 | D:1      | Noticed a formicid
    24 | D:1      | Noticed a merfolk
    26 | D:1      | Noticed a felid
    26 | D:1      | Noticed a vampire
   169 | D:1      | Reached skill level 1 in Fighting
   169 | D:1      | Reached XP level 2. HP: 16/16 MP: 6/6
   262 | D:1      | Reached skill level 2 in Ranged Weapons
   490 | D:2      | Reached XP level 3. HP: 20/20 MP: 7/7
   707 | D:2      | Found a faded altar of an unknown god.
  1417 | D:2      | Reached XP level 4. HP: 22/26 MP: 8/8
  1425 | D:2      | Reached skill level 3 in Ranged Weapons
  2541 | D:3      | Gained mutation: Your magical nature lets you fly swiftly
                  | and evasively. [Tengu growth]
  2541 | D:3      | Reached XP level 5. HP: 13/32 MP: 9/9
  2668 | D:3      | Reached skill level 4 in Ranged Weapons
  3281 | D:4      | Noticed Menkaure
  3301 | D:4      | Killed Menkaure
  3302 | D:4      | Reached XP level 6. HP: 20/37 MP: 10/10
  3320 | D:4      | Reached skill level 5 in Ranged Weapons
  3640 | D:4      | Reached XP level 7. HP: 37/41 MP: 11/11
  3678 | D:4      | Found a white marble altar of Elyvilon.
  3701 | D:4      | Found Cegiaruc's General Store.
  3703 | D:4      | Found Suybul's Specific Store.
  3711 | D:4      | Bought a scroll of identify for 26 gold pieces
  3813 | D:4      | Found a shimmering blue altar of Sif Muna.
  3873 | D:4      | Got Sif Muna's Dissertation on Generation and Evil
  4294 | D:4      | Bought a wand of iceblast (1) for 31 gold pieces
  4681 | D:5      | Entered Level 5 of the Dungeon
  5004 | D:5      | Reached skill level 6 in Ranged Weapons
  5205 | D:5      | Succumbed to a scorpion's poison

Illustrated notes

Levels and vault maps discovered:
D:1:      kb_arrival_jail, layout_basic
D:2:      layout_loops_ring, shapermc_ecumenical_altar_mp_urbaneastern,
          nicolae_titane
D:3:      layout_loops_corners
D:4:      layout_gridville, nzn_overflow_gifts_of_might_and_magic,
          mainiacjoe_overflow_small_starburst, minmay_misc_feat_tower,
          nicolae_specific_store, kennysheep_boxes, uniq_menkaure
D:5:      layout_loops_corners

Skill      XL: |  1  2  3  4  5  6  7 |
---------------+----------------------+-----
Fighting       | 1 2 3 |  3.4
Ranged Weapons | 2 3 4 5 6 |  6.3
Armour         | 2 3 4 |  4.8
Dodging        | |  5.4
Spellcasting   | |  2.0
Evocations     | |  1.0

Action                   |  1- 3 |  4- 6 |  7- 9 || total
-------------------------+-------+-------+-------++-------
 Fire: Sling             |   124 |   201 |   150 ||   475
Evoke: Wand              |       |       |     1 ||     1
  Use: Scroll            |     6 |     3 |     1 ||    10
       Potion            |     1 |     1 |     2 ||     4
Armor: Leather armour    |    31 |    39 |    25 ||    95
Dodge: Dodged            |    54 |   116 |    71 ||   241
